 Dungeon Crawl Stone Soup version 0.27-a0-1442-g87b6fcb595 (webtiles) character file.

Game seed: 5960566426629118603

4941 dolemite99 the Martial Artist (level 10, -2/117 HPs)
             Began as a Djinni Transmuter on July 5, 2021.
             Was a Believer of Ashenzari.
             Slain by an eight-headed hydra (7 damage)
             ... on level 9 of the Dungeon.
             The game lasted 00:16:04 (16948 turns).

dolemite99 the Martial Artist (Djinni Transmuter)  Turns: 16948, Time: 00:16:05

Health: -2/117     AC: 25    Str: 11    XL:     10   Next: 81%
Gold:   480        EV:  2    Int: 17    God:    Ashenzari [**....] SH:  0 Dex: 13

rFire    . . .     SeeInvis +     - Unarmed
rCold    . . .     Faith    .   (no shield)
rNeg     + + +     Spirit   .   (armour currently unavailable)
rPois    ∞         Reflect  .   (helmet currently unavailable)
rElec    .         Harm     .   (cloak currently unavailable)
rCorr    .         Rampage  .   (gloves currently unavailable)
Will     +....     NoTele   +   (boots unavailable)
Stlth    +.........             (no amulet)
HPRegen  0.29/turn              (no ring)
MPRegen  0.00/turn              (no ring)

@: tree-form, studying Fighting
A: stationary, stasis, torment immunity, boosted hp, sickness immunity, (fire
resistance 2), (cold vulnerability 1), float, innate caster, hp casting, extra
vitality 1
a: Renounce Religion, Curse Item, Shatter the Chains


You were on level 9 of the Dungeon.
You worshipped Ashenzari.
Ashenzari was pleased with you.
You were a tree.
You visited 2 branches of the dungeon, and saw 10 of its levels.

You collected 480 gold pieces.

Inventory:

Hand Weapons
 a - a +0 shortbow
 i - a +1 whip of electrocution
 p - a +1 double sword of freezing
Missiles
 g - 126 arrows
 j - 33 bolts
 l - 103 sling bullets
 o - 145 stones (quivered)
 q - a throwing net
Armour
 c - the cursed +1 robe of the Shattered Activism (melded) {Cun, Melee}

   It has a curse which improves the following skills: Cunning: Dodging and
   Stealth.
   Melee Combat: Short Blades, Long Blades, Axes, Maces & Flails, Polearms,
   Staves and Unarmed Combat.
 r - the cursed +0 pair of gloves of the Restrained God (melded) {Self, Fort}
   (You found it on level 5 of the Dungeon)

   It has a curse which improves the following skills: Introspection: Fighting
   and Spellcasting.
   Fortitude: Armour and Shields.
 y - the cursed +1 cloak of Starlight (melded) {*Dazzle EV+4 Stlth--, Cun, Self}
   (You found it on level 7 of the Dungeon)

   EV:        It affects your evasion (+4).
   Stlth:     It makes you much less stealthy.
   It has a curse which improves the following skills: Cunning: Dodging and
   Stealth.
   Introspection: Fighting and Spellcasting.
Wands
 z - a wand of iceblast (11)
Scrolls
 b - 2 scrolls of fear
 e - 3 scrolls of noise
 f - 6 scrolls of teleportation
 k - 2 scrolls of torment
 v - a scroll of magic mapping
 w - a scroll of enchant weapon
 x - a scroll of blinking
 A - 2 scrolls of enchant armour
Potions
 d - a potion of attraction
 h - a potion of mutation
 m - a potion of brilliance
 s - 2 potions of resistance
 t - a potion of might


   Skills:
 - Level 9.1 Fighting
 + Level 4.5 Dodging
 - Level 12.2 Unarmed Combat
 - Level 4.2 Spellcasting


You couldn't memorise any spells.
You knew the following spells:

 Your Spells              Type           Power      Damage    Failure   Level
a - Beastly Appendage     Tmut           36%        N/A       2%          1
b - Poisonous Vapours     Pois/Air       36%        N/A       4%          2
c - Spider Form           Tmut/Pois      9%         N/A       8%          3
d - Ice Form              Ice/Tmut       18%        N/A       26%         4
e - Apportation           Tloc           36%        N/A       2%          1
f - Searing Ray           Conj           36%        3d4       4%          2
g - Wereblood             Tmut           18%        N/A       4%          2
h - Ignite Poison         Fire/Tmut/Pois 18%        N/A       8%          3
Your spell library was empty.

Dungeon Overview and Level Annotations

Branches:
Dungeon (9/15)             Temple (1/1) D:7
   Lair: D:8-11         Orc: D:9-12

Altars:
Ashenzari
Dithmenos
Fedhas
Hepliaklqana
Kikubaaqudgha
Makhleb
Okawaru
Qazlal
Ru
Sif Muna
Trog
Uskayaw
Vehumet
Wu Jian
Xom
Yredelemnul
Zin
The Shining One
Lugonu


Innate Abilities, Weirdness & Mutations

You are a tree.
Your roots penetrate the ground, keeping you stationary.
You cannot be teleported.
You are immune to unholy pain and torment.
Your maximum health is greatly increased.
Your equipment is partially melded.
You are immune to sickness and miasma.
You are immune to poison.
((Your flesh is very heat resistant. (rF++)))
((You are vulnerable to cold. (rC-)))
You float through the air rather than walking.
You learn spells naturally, not from books.
Your magical power is your life essence.
You have superior vitality. (+4 HP)


Message History

The eight-headed hydra bites you but does no damage.
You smack the eight-headed hydra!
The eight-headed hydra is severely wounded.
The eight-headed hydra bites you but does no damage.
The eight-headed hydra bites you!
* * * LOW HITPOINT WARNING * * *
The eight-headed hydra bites you.
* * * LOW HITPOINT WARNING * * *
The eight-headed hydra barely misses you.
The eight-headed hydra bites you but does no damage. x4
The orc hits you but does no damage.
You feel better.
An orc comes into view. It is wielding a +0 flail.
The orc barely misses you. The eight-headed hydra bites you!
* * * LOW HITPOINT WARNING * * *
The eight-headed hydra bites you but does no damage. x4
The eight-headed hydra bites you.
* * * LOW HITPOINT WARNING * * *
The eight-headed hydra bites you but does no damage. x2
The orc barely misses you.
You hit the eight-headed hydra but do no damage.
The eight-headed hydra is severely wounded.
The orc hits you but does no damage.
The eight-headed hydra bites you but does no damage.
The eight-headed hydra bites you!
* * * LOW HITPOINT WARNING * * *
The eight-headed hydra bites you.
* * * LOW HITPOINT WARNING * * *
The eight-headed hydra bites you but does no damage. x2
The eight-headed hydra barely misses you.
The eight-headed hydra bites you but does no damage. x2
The orc hits you but does no damage.
You pummel the eight-headed hydra!!
The eight-headed hydra is almost dead.
The orc hits you but does no damage.
The eight-headed hydra bites you but does no damage.
The eight-headed hydra bites you!
* * * LOW HITPOINT WARNING * * *
The eight-headed hydra bites you!
You die...

#.$.. ,
#..... , ,
#...... ,
##.......
##........
##.........
##..........
, , ,
#...♣o......
,
#..ooD......
,
#...).......
#<.))..P.P..
,
#......._...
#......PoP..
#...........
,
#...........
,
#...........,


You could see an eight-headed hydra and 4 orcs.

Vanquished Creatures
  A two-headed ogre (D:8)
  6 yaks (D:7)
  7 humans (D:7)
  A steam dragon (D:7)
  3 water moccasins
  An ice beast (D:8)
  A sky beast (D:7)
  A black bear (D:7)
  2 necrophages
  2 ogres
  A centaur (D:8)
  A phantom (D:5)
  A kobold brigand (D:9)
  A gnoll sergeant (D:7)
  A bullfrog (D:8)
  A wyvern skeleton (D:6)
  A water moccasin skeleton (D:6)
  2 centaur zombies
  A crimson imp (D:5)
  5 hounds
  A bullfrog zombie (D:5)
  An orc priest (D:6)
  A gnoll shaman (D:7)
  2 centaur skeletons
  4 iguanas
  Jessica (D:7)
  Ijyb (D:7)
  An orc wizard (D:7)
  3 killer bee zombies
  A hound zombie (D:5)
  2 howler monkey zombies
  7 gnolls
  6 adders
  A howler monkey skeleton (D:7)
  A shadow imp (D:7)
  3 white imps
  3 worms
  23 orcs
  10 endoplasms
  3 giant cockroaches
  10 goblins
  5 hobgoblins
  22 jackals
  7 ball pythons
  4 bats
  2 frilled lizards
  6 kobolds
  4 rats
175 creatures vanquished.

Vanquished Creatures (others)
  3 plants (D:6)
3 creatures vanquished.

Grand Total: 178 creatures vanquished

Notes
Turn   | Place    | Note
-------+----------+-------------------------------------------
     0 | D:1      | dolemite99 the Djinni Transmuter began the quest for the
                  | Orb.
     0 | D:1      | Reached XP level 1. HP: 17/17 MP: 0/0
   201 | D:1      | Reached XP level 2. HP: 19/22 MP: 0/0
  1390 | D:1      | Reached XP level 3. HP: 9/27 MP: 0/0
  1390 | D:1      | Learned a level 1 spell: Apportation
  3158 | D:2      | Reached skill level 4 in Unarmed Combat
  3158 | D:2      | Reached XP level 4. HP: 25/33 MP: 0/0
  3980 | D:2      | Found a faded altar of an unknown god.
  4082 | D:2      | Became a worshipper of Ashenzari the Shackled
  4271 | D:3      | Reached XP level 5. HP: 32/38 MP: 0/0
  4271 | D:3      | Learned a level 2 spell: Searing Ray
  4945 | D:3      | Found a hide-covered altar of Uskayaw.
  5340 | D:3      | Found a broken altar of Ashenzari.
  5344 | D:3      | Saw a vision of the Shoals and the Spider Nest.
  5344 | D:3      | Noticed a wolf spider
  5344 | D:3      | Noticed a redback
  5344 | D:3      | Noticed a redback
  5344 | D:3      | Noticed a redback
  5344 | D:3      | Noticed a merfolk
  5344 | D:3      | Noticed a merfolk
  5344 | D:3      | Noticed a sea snake
  5346 | D:3      | Noticed a redback
  5352 | D:3      | Identified a scroll of acquirement
  5377 | D:3      | Acquired a manual of Fighting
  6362 | D:4      | Reached XP level 6. HP: 43/46 MP: 0/0
  6970 | D:5      | Entered Level 5 of the Dungeon
  7135 | D:5      | Reached skill level 5 in Fighting
  7428 | D:5      | Reached XP level 7. HP: 37/56 MP: 0/0
  7428 | D:5      | Learned a level 2 spell: Poisonous Vapours
  7912 | D:5      | Noticed a water moccasin
  7920 | D:5      | Killed a water moccasin
  9083 | D:5      | Identified the cursed +1 robe of the Shattered Activism
                  | {Cun, Melee}
 10187 | D:5      | Reached * piety under Ashenzari
 10454 | D:6      | Identified the cursed +0 pair of gloves of the Restrained
                  | God {Self, Fort} (You found it on level 5 of the Dungeon)
 10567 | D:6      | Reached XP level 8. HP: 59/67 MP: 0/0
 11495 | D:6      | Found a sacrificial altar of Ru.
 12512 | D:6      | Reached skill level 5 in Unarmed Combat
 13052 | D:7      | Found a large runed translucent door.
 13053 | D:7      | Found a large runed translucent door.
 13126 | D:7      | Reached skill level 6 in Unarmed Combat
 13126 | D:7      | Reached XP level 9. HP: 48/72 MP: 0/0
 13126 | D:7      | Learned a level 3 spell: Ignite Poison
 13258 | D:7      | Found a staircase to the Ecumenical Temple.
 13384 | D:7      | Found the +1 cloak of Starlight {*Dazzle EV+4 Stlth--}
 13397 | D:7      | Reached ** piety under Ashenzari
 13485 | D:7      | Noticed Jessica
 13485 | D:7      | Noticed Ijyb
 13498 | D:7      | Reached skill level 7 in Unarmed Combat
 13509 | D:7      | Reached skill level 8 in Unarmed Combat
 13523 | D:7      | Reached skill level 9 in Unarmed Combat
 13524 | D:7      | Killed Jessica
 13531 | D:7      | Killed Ijyb
 13697 | D:7      | Reached skill level 10 in Unarmed Combat
 13697 | D:7      | Reached XP level 10. HP: 37/78 MP: 0/0
 14206 | Temple   | Entered the Ecumenical Temple
 14289 | D:7      | Reached skill level 11 in Unarmed Combat
 15004 | D:7      | Found a basalt altar of Yredelemnul.
 15420 | D:8      | Noticed a two-headed ogre
 15425 | D:8      | Killed a two-headed ogre
 15426 | D:8      | Reached skill level 12 in Unarmed Combat
 16304 | D:8      | Found a shadowy altar of Dithmenos.
 16304 | D:8      | Found an ornate altar of the Wu Jian Council.
 16304 | D:8      | Found a hazy altar of Hepliaklqana.
 16912 | D:9      | Found a blossoming altar of Fedhas.
 16932 | D:9      | Noticed an eight-headed hydra
 16948 | D:9      | HP: 5/117 [eight-headed hydra (12)]
 16948 | D:9      | Slain by an eight-headed hydra

Illustrated notes

Levels and vault maps discovered:
D:1:      pf_arrival_petrified_forest, layout_basic, serial_aquarium,
          aquarium_bridge_long_joined [aquarium_subvault_bridge,
          aquarium_subvault_window, aquarium_subvault_window,
          aquarium_subvault_bridge, aquarium_subvault_bridge,
          aquarium_subvault_bridge], aquarium_window_fake, aquarium_window_1,
          aquarium_window_1, aquarium_view_2c, aquarium_view_2f,
          aquarium_pool_double, minmay_hedge_maze, minmay_pentomino_v4
D:2:      layout_basic, hellmonk_ecumenical_altar_crossroads, hex_intersection,
          minmay_curled_crystal
D:3:      layout_loops_ring, old_standard_altar, grunt_ashenzari_visionary
          [grunt_ashenzari_visionary_shoals, grunt_ashenzari_visionary_spider],
          corexii_item_surrounded_by_moat
D:4:      wad_river_or_something, layout_basic
D:5:      layout_layer_cave, minmay_fire_ice_demons
D:6:      layout_basic, nicolae_ru_the_path_less_chosen
D:7:      erik_cavepeople, layout_gridville, jmf_multi_god_temple2,
          minmay_temple_entry_large_hall
D:8:      layout_basic, gammafunk_temple_overflow_forgotten
D:9:      layout_big_octagon, fedhas_altar_1, erik_lair_island,
          hiddenorc1_lemuel
Temple:   corrupted_temple

Skill      XL: |  1  2  3  4  5  6  7  8  9 10 |
---------------+-------------------------------+-----
Unarmed Combat | 4 6 10 12 | 12.2
Dodging        | 3 4 |  4.5
Fighting       | 2 3 6 9 |  9.1
Spellcasting   | 2 4 |  4.2

Action                   |  1- 3 |  4- 6 |  7- 9 | 10-12 || total
-------------------------+-------+-------+-------+-------++-------
Melee: Unarmed           |   147 |   132 |   237 |   100 ||   616
       Headbutt          |    17 |    11 |     9 |       ||    37
       Whip              |       |    55 |    15 |       ||    70
       Punch             |       |     2 |     4 |       ||     6
 Fire: Shortbow          |       |       |     1 |       ||     1
Throw: Stone             |       |       |     4 |       ||     4
 Cast: Beastly Appendage |    30 |    17 |     9 |       ||    56
       Spider Form       |       |    10 |    27 |     1 ||    38
       Poisonous Vapours |       |       |     8 |     2 ||    10
       Wereblood         |       |       |     1 |       ||     1
       Ice Form          |       |       |       |     8 ||     8
Invok: Curse Item        |       |       |     3 |       ||     3
  Use: Scroll            |       |     1 |     1 |       ||     2
       Potion            |       |       |     5 |     2 ||     7
 Stab: Sleeping          |     1 |       |     1 |     1 ||     3
Armor: Robe              |    23 |    20 |    25 |     1 ||    69
       Skin              |       |     5 |     7 |    58 ||    70
Dodge: Dodged            |   108 |   146 |   179 |    61 ||   494

Table legend: (Time is in decaauts)
 A = Elapsed time spent in this place.
 B = Non-inter-level travel time spent in this place.
 C = Inter-level travel time spent in this place.
 D = Time resting spent in this place.
 E = Time spent auto-exploring this place.
 F = Levels seen in this place.
 G = Mean time per level.
                   A        B        C        D        E       F      G
               +--------+--------+--------+--------+--------+-----+--------+
         Total |  16883 |  16461 |    422 |   7044 |   7348 |  10 | 1688.3 |
       Dungeon |  16841 |  16432 |    409 |   7044 |   7320 |   9 | 1871.2 |
        Temple |     42 |     29 |     13 |      0 |     28 |   1 |   42.0 |
               +--------+--------+--------+--------+--------+-----+--------+

Top non-repeatable levels by time:
     D:5: 3339 daAuts
     D:6: 2900 daAuts
     D:1: 2627 daAuts
     D:7: 2059 daAuts
     D:8: 1557 daAuts
     D:2: 1497 daAuts
     D:3: 1416 daAuts
     D:4: 1411 daAuts
  Temple: 42 daAuts
     D:9: 30 daAuts
